Map: Oxide LE

Players

GameofDrones - Winner!

  • Race: Zerg Zerg
  • League: Diamond
  • Spawn Location: 7:00

Rolch

  • Race: Terran Terran
  • League: Diamond
  • Spawn Location: 1:00

VOD

Have the link to the VOD?

Description

Time

  • Played on: Dec. 7, 2020, 6:57 p.m.
  • Length: 14:01
Show
View Real Time Build Order
Export as new Build Order

GameofDrones Zerg - Winner!

Build Orders: Hatch First, Lurkers 

Get SALT Encoding   

  12  0:00  Drone  
  13  0:12  Overlord  
  13  0:16  Drone  
  14  0:30  Drone x2  
  16  0:48  Hatchery  
  15  0:51  Drone  
  15  0:54  Drone  
  17  0:58  Drone  
  18  1:09  Extractor  
  17  1:13  Spawning Pool  
  17  1:15  Drone  
  17  1:19  Drone  
  18  1:28  Drone  
  20  1:40  Drone  
  20  1:49  Overlord  
  20  2:01  Queen x2  
  20  2:02  Zergling x2  
  20  2:03  Zergling x2  
  26  2:16  Hatchery  
  26  2:21  Drone x2  
  27  2:24  Drone  
  27  2:26  Drone  
  29  2:36  Drone  
  30  2:38  Drone  
  31  2:47  Metabolic Boost  
  31  2:48  Overlord  
  32  2:51  Drone  
  32  2:55  Drone x2  
  34  2:59  Queen  
  36  3:06  Overlord  
  36  3:08  Drone  
  37  3:16  Drone x3  
  37  3:17  Drone x2  
  37  3:19  Drone x2  
  44  3:26  Drone  
  45  3:28  Drone  
  45  3:30  Drone  
  45  3:31  Drone  
  48  3:40  Queen  
  50  3:46  Queen, Baneling Nest  
  50  3:47  Evolution Chamber  
  50  3:48  Evolution Chamber  
  50  3:49  Queen  
  50  3:53  Overlord  
  51  3:56  Overlord  
  51  4:03  Zergling x6  
  51  4:04  Zergling x6  
  57  4:15  Extractor  
  57  4:16  Drone x6, Extractor  
  61  4:32  Overlord x2  
  61  4:49  Drone, Overlord x3  
  61  4:50  Overlord  
  61  4:51  Drone  
  61  4:52  Drone x5  
  68  4:53  Drone  
  69  5:00  Drone x3  
  72  5:11  Hatchery, Zergling x6  
  74  5:14  Zerg Melee Weapons Level 1  
  74  5:15  Zerg Ground Armor Level 1  
  74  5:21  Drone x4  
  77  5:22  Lair  
  77  5:27  Drone  
  77  5:28  Drone x3  
  82  5:36  Baneling  
  82  5:37  Baneling x4  
  82  5:39  Baneling  
  82  5:40  Drone x3, Zergling x2  
  86  5:45  Drone  
  87  5:51  Drone  
  87  5:52  Drone x5  
  87  5:53  Drone x2  
  95  5:57  Extractor  
  95  5:58  Zergling x6  
  95  5:59  Zergling x2  
  95  6:00  Extractor  
  97  6:06  Spore Crawler  
  97  6:08  Spore Crawler  
  88  6:17  Queen x2  
  91  6:18  Overlord x3  
  91  6:19  Overlord  
  91  6:23  Hydralisk Den  
  91  6:24  Drone x2  
  91  6:25  Drone x4, Spore Crawler  
  96  6:27  Spore Crawler  
  96  6:29  Queen, Spore Crawler  
  96  6:30  Drone x2  
  97  6:53  Zergling x2  
  97  7:00  Zergling x8  
  93  7:04  Zergling x2  
  93  7:05  Zergling x20  
  93  7:06  Zergling x4  
  103  7:10  Grooved Spines  
  101  7:16  Zergling x6  
  101  7:27  Zergling x10  
  94  7:33  Zergling x4  
  91  7:42  Drone x7  
  98  7:44  Drone  
  98  7:45  Queen, Spore Crawler  
  98  7:47  Queen  
  98  7:48  Queen  
  98  7:49  Queen  
  98  7:50  Zerg Melee Weapons Level 2  
  106  7:51  Centrifical Hooks, Zerg Missile Weapons Level 1  
  106  7:57  Hydralisk x4  
  109  8:00  Overseer x3  
  107  8:08  Hydralisk x4  
  115  8:15  Hydralisk x4  
  115  8:17  Baneling x4  
  115  8:18  Baneling x4  
  123  8:39  Hydralisk  
  123  8:40  Hydralisk x5  
  135  8:44  Muscular Augments  
  135  8:47  Lurker Den  
  128  9:00  Hydralisk x2  
  128  9:01  Hydralisk x4  
  138  9:11  Zergling x12  
  138  9:13  Overlord x2  
  138  9:14  Overlord x3  
  143  9:24  Zergling x4  
  144  9:26  Zergling x2  
  141  9:33  Zergling x2  
  141  9:34  Baneling x6  
  141  9:35  Baneling x4  
  142  9:38  Infestation Pit  
  142  9:39  Extractor  
  142  9:45  Extractor, Drone x3  
  140  9:46  Drone  
  140  9:47  Drone x3  
  140  9:48  Zergling x8  
  150  9:57  Zergling x4  
  150  9:58  Zergling x4  
  154  10:02  Lurker x2  
  154  10:03  Lurker x3  
  154  10:06  Hatchery  
  158  10:17  Extractor  
  157  10:23  Baneling x2  
  157  10:24  Baneling x4  
  157  10:25  Zerg Missile Weapons Level 2  
  157  10:27  Zergling x4  
  157  10:28  Zergling x18  
  162  10:29  Zergling x6  
  162  10:35  Pneumatized Carapace, Overlord  
  168  10:36  Overlord x4  
  167  10:49  Zergling x2  
  168  10:51  Overlord  
  168  10:52  Overlord x3  
  163  11:17  Zergling x2  
  163  11:18  Zergling x22  
  151  11:26  Zergling x2  
  146  11:35  Overseer  
  146  11:36  Overseer x2  
  145  11:45  Zergling x6  
  145  11:46  Zergling x14  
  155  11:52  Hive  
  155  11:56  Baneling x6  
  141  12:18  Zergling x12  
  141  12:19  Zergling x10  
  149  12:25  Queen  
  149  12:26  Drone x4  
  153  12:41  Extractor x2  
  153  12:42  Pathogen Glands  
  153  12:43  Infestor x6  
  153  12:44  Infestor x3  
  163  12:45  Zergling x2  
  163  12:47  Overseer  
  150  13:19  Zergling x2  
  133  13:20  Zergling x32  
  147  13:28  Hydralisk  
  134  13:36  Zergling x2  
  134  13:37  Zergling x8  
  133  13:58  Hatchery  
Show
View Real Time Build Order
Export as new Build Order

Rolch Terran 

Build Orders:  

Get SALT Encoding   

  12  0:03  SCV  
  13  0:15  SCV  
  13  0:18  Supply Depot  
  14  0:27  SCV  
  15  0:40  SCV  
  15  0:41  Barracks  
  16  0:47  Refinery  
  16  0:52  SCV  
  17  1:05  SCV  
  18  1:17  SCV  
  20  1:37  Command Center, Reaper  
  20  1:43  Orbital Command  
  20  1:51  Supply Depot  
  20  2:08  SCV  
  20  2:11  Marine  
  22  2:20  Barracks, SCV  
  23  2:22  Refinery  
  23  2:33  SCV  
  24  2:44  Barracks Reactor  
  24  2:45  SCV  
  24  2:50  Factory  
  26  2:51  Orbital Command  
  26  2:57  SCV  
  26  3:09  SCV  
  26  3:11  Supply Depot  
  26  3:12  Barracks Tech Lab  
  27  3:17  SCV  
  28  3:21  SCV  
  29  3:28  Marine x2  
  29  3:29  SCV  
  29  3:30  Refinery  
  29  3:33  SCV  
  33  3:35  Supply Depot  
  33  3:36  Factory Reactor  
  33  3:40  Starport  
  33  3:41  Marine  
  33  3:45  Stimpack  
  33  3:47  SCV  
  33  3:48  SCV  
  36  3:51  Marine  
  36  3:52  Marine  
  38  3:59  SCV  
  39  4:03  SCV  
  39  4:04  Armory  
  39  4:06  Marine  
  41  4:11  SCV  
  41  4:12  Marine x2  
  44  4:18  SCV  
  44  4:22  Factory Reactor  
  45  4:26  SCV  
  45  4:27  Marine  
  45  4:28  Medivac x2  
  45  4:30  SCV  
  52  4:38  Marine, SCV  
  53  4:39  Marine  
  53  4:43  SCV  
  56  4:52  Marine  
  57  4:53  Supply Depot  
  57  4:56  SCV x2  
  57  4:58  Marine  
  57  4:59  Marine  
  61  5:12  Marine, Command Center  
  62  5:15  Hellion x2  
  62  5:16  Marine  
  62  5:19  SCV  
  68  5:21  Supply Depot, Marine  
  68  5:25  SCV  
  70  5:28  Combat Shield  
  70  5:29  Medivac x2, Marine  
  70  5:34  Supply Depot  
  75  5:38  SCV, Engineering Bay x2  
  75  5:40  SCV  
  77  5:48  Marine  
  78  5:52  Marine x2  
  78  5:54  Hellion x2  
  80  6:14  Marine x2  
  80  6:15  Marine  
  80  6:18  Widow Mine x2  
  85  6:19  SCV  
  85  6:25  Orbital Command  
  86  6:28  Terran Vehicle Weapons Level 1  
  86  6:30  Refinery, Terran Infantry Armor Level 1, Terran Infantry Weapons Level 1  
  86  6:33  Marine x2  
  86  6:38  Barracks  
  86  6:39  Barracks  
  88  6:44  Marine  
  88  6:45  Hellion  
  91  6:51  Marine x2  
  85  7:04  Marine  
  85  7:05  Medivac x2  
  86  7:09  Marine  
  88  7:22  Marauder  
  88  7:27  Marine x2  
  81  7:35  Medivac  
  71  7:42  Hellion x2  
  71  7:43  Marine, Barracks Reactor x2  
  71  7:45  Marine x2  
  71  7:51  Orbital Command  
  72  8:01  Marine  
  72  8:03  Marine x2, Hellion, Concussive Shells  
  77  8:07  Widow Mine  
  79  8:17  Medivac x2  
  79  8:19  Marine  
  84  8:20  Marine  
  84  8:21  Marine x2  
  84  8:22  Barracks, Marine  
  84  8:24  Factory, Widow Mine  
  89  8:27  Marine x2  
  89  8:30  Hellion  
  89  8:32  SCV  
  94  8:37  Marine  
  94  8:38  Marine  
  94  8:39  Marine x2  
  98  8:43  Terran Vehicle Weapons Level 2  
  98  8:44  SCV  
  98  8:46  SCV, Hellion  
  98  8:47  SCV  
  103  8:50  Command Center  
  103  8:53  Marine x3  
  103  8:55  Medivac x2, Marine  
  107  8:56  Marine x2  
  107  9:12  Marine  
  94  9:32  Marine x4  
  94  9:33  Marine x2, Marauder  
  94  9:34  Medivac, Widow Mine x2  
  94  9:35  Factory Tech Lab  
  108  9:43  Marine  
  109  9:53  Terran Infantry Armor Level 2, Terran Infantry Weapons Level 2  
  109  9:54  Supply Depot  
  109  9:56  Supply Depot  
  109  10:01  Medivac, Marine x6, SCV x3  
  109  10:02  Marauder  
  109  10:03  Infernal Pre-Igniter  
  124  10:07  Widow Mine  
  124  10:08  Barracks Tech Lab  
  124  10:10  Barracks  
  124  10:15  SCV x2  
  124  10:16  Siege Tank, SCV, Widow Mine  
  124  10:19  Marine x6  
  128  10:23  Marauder  
  128  10:28  SCV x2  
  126  10:37  Marine x4  
  121  10:45  Marauder  
  121  10:46  Marine  
  121  10:48  Marine x2  
  128  10:50  Widow Mine x2  
  128  10:51  Liberator x2, Siege Tank  
  128  10:55  Marine  
  140  11:01  Marine x2  
  106  11:18  Marine  
  106  11:19  Marine x5, Marauder x2  
  106  11:23  Siege Tank  
  92  11:36  Marine x3  
  92  11:37  Marine x3, Widow Mine x2  
  92  11:38  SCV  
  99  11:40  Marine  
  99  11:41  Marauder  
  99  11:45  Orbital Command  
  102  11:54  Marine x4  
  102  11:55  Marine  
  102  11:59  Marauder  
  103  12:12  Marine x2  
  103  12:13  Marine x4  
  83  12:17  Marine  
  83  12:19  Marine  
  73  12:30  Marine x3  
  73  12:31  Marine x3  
  73  12:35  Marauder  
  81  12:38  Marauder  
  81  12:39  Widow Mine  
  81  12:40  Widow Mine  
  87  12:44  SCV x3  
  87  12:48  Marine x4  
  87  12:49  Marine x2  
  96  12:56  SCV  
  96  12:57  Marauder  
  96  12:59  Marauder  
  87  13:06  Marine  
  66  13:30  Marine x5  
  66  13:31  Marauder  
  38  13:34  Marine x2  
Tags
 
Composition
Lurkers
Matchup
TvZ
Spawn Locations
Cross Positions
Add a new tag
Caveats
  • Supply blocks, unpowered buildings, or Contaminate may cause inaccurate times.
  • Supply counts are checked every 10 seconds.